 Dungeon Crawl Stone Soup version 0.22-a0-231-g1b571ea (webtiles) character file.

7311 tidbits the Martial Artist (level 11, -22/83 HPs)
             Began as a Gnoll Transmuter on Feb 20, 2018.
             Was an Elder of Cheibriados.
             Killed from afar by a frost giant (69 damage)
             ... with a bolt of cold
             ... on level 11 of the Dungeon.
             The game lasted 00:24:14 (2585 turns).

tidbits the Martial Artist (Gnoll Transmuter)       Turns: 2585, Time: 00:24:15

Health: -22/83     AC: 11    Str: 22    XL:     11   Next: 13%
Magic:  27/31      EV: 18    Int: 28    God:    Cheibriados [****..]
Gold:   387        SH:  0    Dex: 25    Spells: 10/25 levels left

rFire    . . .     SeeInvis .     - Unarmed
rCold    . . .     Gourm    .   (shield currently unavailable)
rNeg     . . .     Faith    .   B - +0 ring mail
rPois    .         Spirit   .   E - +2 hat {MR+}
rElec    .         Reflect  .   C - +0 cloak
rCorr    .         Harm     .   (gloves currently unavailable)
MR       +....                  (no boots)
Stlth    +++.......             R - amulet of regeneration
HPRegen  0.63/turn              W - ring of wizardry
MPRegen  0.22/turn              l - ring of magical power

@: blade hands, very slow
A: distributed training, fangs 1, talons 1, thin metallic scales 1, blurry
vision 1, weak 1, MP-powered wands, strong nose
a: End Transformation, Bend Time, Temporal Distortion, Slouch, Renounce Religion


You were on level 11 of the Dungeon.
You worshipped Cheibriados.
Cheibriados was greatly pleased with you.
You were hungry.
You had blades for hands.
You visited 1 branch of the dungeon, and saw 11 of its levels.

You collected 387 gold pieces.

Inventory:

Hand Weapons
 g - a +0 falchion
 h - a +0 great sword
 k - a +0 dagger (melded)
 m - a +0 hunting sling
 u - a +2 hand axe of venom
   (You took it off an orc on level 4 of the Dungeon)
Missiles
 a - 35 arrows
 j - 51 stones (quivered)
 o - 14 tomahawks
 F - 3 steel tomahawks
Armour
 b - a +0 robe
 i - the +1 robe "Biureo" {rN++ Int-3}
   (You found it on level 7 of the Dungeon)

   It affects your intelligence (-3).
   It greatly protects you from negative energy.
 B - a +0 ring mail (worn)
 C - a +0 cloak (worn)
 E - a +2 hat of magic resistance (worn)
   (You took it off Gastronok on level 8 of the Dungeon)
Jewellery
 e - an uncursed ring of protection from fire
   (You found it on level 1 of the Dungeon)
 l - a ring of magical power (right scythe-like blade)
   (You found it on level 5 of the Dungeon)
 s - an uncursed ring of positive energy
   (You found it on level 6 of the Dungeon)
 y - an uncursed amulet of magic regeneration
   (You found it on level 7 of the Dungeon)
 A - an uncursed amulet of faith
   (You found it on level 8 of the Dungeon)
 K - a +6 ring of dexterity
   (You found it on level 11 of the Dungeon)
 R - an amulet of regeneration (around neck)
   (You found it on level 1 of the Dungeon)
 W - a ring of wizardry (left scythe-like blade)
   (You found it on level 6 of the Dungeon)
Wands
 d - a wand of digging (5)
 n - a wand of acid (4)
 p - a wand of paralysis (9)
Scrolls
 f - a scroll of noise
 r - 5 scrolls of remove curse
 t - a scroll of amnesia
 v - a scroll of fear
 G - a scroll of random uselessness
 I - 4 scrolls of magic mapping
 J - 2 scrolls of blinking
Potions
 q - 2 potions of heal wounds
 w - a potion of might
 x - a potion of degeneration
 z - a potion of lignification
 H - a potion of flight
Miscellaneous
 D - a fan of gales
Comestibles
 c - 10 rations


   Skills:
 + Level 6.5 Fighting
 + Level 5.9 Short Blades
 + Level 5.9 Long Blades
 + Level 5.9 Axes
 + Level 5.9 Maces & Flails
 + Level 5.9 Polearms
 + Level 5.9 Staves
 + Level 5.9 Slings
 + Level 5.9 Bows
 + Level 5.9 Crossbows
 + Level 5.9 Throwing
 + Level 5.9 Armour
 + Level 7.5 Dodging
 + Level 5.9 Stealth
 + Level 5.9 Shields
 + Level 8.9 Unarmed Combat
 + Level 7.8 Spellcasting
 + Level 4.8 Conjurations
 + Level 4.8 Hexes
 + Level 4.8 Charms
 + Level 4.8 Summonings
 + Level 4.8 Necromancy
 + Level 4.8 Translocations
 + Level 6.2 Transmutations
 + Level 4.8 Fire Magic
 + Level 4.8 Ice Magic
 + Level 4.8 Air Magic
 + Level 4.8 Earth Magic
 + Level 4.8 Poison Magic
 + Level 6.4 Invocations
 + Level 5.9 Evocations


You had 10 spell levels left.
You knew the following spells:

 Your Spells              Type           Power        Failure   Level  Hunger
e - Beastly Appendage     Tmut           #####.       4%          1    None
h - Blade Hands           Tmut           #####.....   26%         5    ####...
i - Ice Form              Ice/Tmut       #####...     17%         4    ##.....
k - Sticks to Snakes      Tmut           #####...     6%          2    None
p - Spider Form           Tmut/Pois      #####.....   9%          3    None


Dungeon Overview and Level Annotations

Branches:
Dungeon (11/15)            Temple (0/1) D:5
   Lair: D:8-11         Orc: D:9-12

Altars:
Ashenzari
Cheibriados
Fedhas
Hepliaklqana
Kikubaaqudgha
Nemelex Xobeh
Okawaru
Qazlal
Uskayaw
Yredelemnul
The Shining One

Annotations:
D:5 Amnesiac's ghost, novice SpAr


Innate Abilities, Weirdness & Mutations

Your experience applies equally to all skills.
You have very sharp teeth.
Your uncanny sense of smell can sniff out nearby items.
You have sharp toenails.
You are partially covered in thin metallic scales. (AC +2)
Scrolls take you a little longer to read.
You are weak. (Str -2)
You expend magic power (3 MP) to strengthen your wands.


Message History

The centaur warrior zombie is almost destroyed.
The centaur warrior zombie closely misses you.
You hit the centaur warrior zombie.
Your kick misses the centaur warrior zombie.
You punch the centaur warrior zombie, but do no damage.
You bite the centaur warrior zombie.
The centaur warrior zombie is almost destroyed.
The centaur warrior zombie hits you.
You slash the centaur warrior zombie!
You destroy the centaur warrior zombie!
Cheibriados thoroughly appreciates the change of pace.
You have reached level 11!
You see here an agate ring.
Unknown command.
K - an agate ring Put on which piece of jewellery? (? for menu, Esc to quit)
You're wearing all the rings you can.
Remove which one? (? for menu, Esc to cancel) < or
W - a ring of wizardry; > or
l - a ring of magical power You remove your ring of wizardry.
You feel agile.
K - a +6 ring of dexterity (left hand) Put on which piece of jewellery? (? for menu, Esc to quit)
You're wearing all the rings you can.
Remove which one? (? for menu, Esc to cancel) < or
K - a +6 ring of dexterity; > or
l - a ring of magical power You remove your +6 ring of dexterity.
You feel clumsy.
W - a ring of wizardry (left hand)
You open the door.
A cyclops comes into view.
There is an open door here.
Wield which item (- for none, * to show all)? (? for menu, Esc to quit)
Your +2 hand axe of venom stops dripping with poison.
k - a +0 dagger (weapon)
The helpless cyclops fails to defend itself.
You spit the cyclops like a pig!!!
You kill the cyclops!
Cheibriados thoroughly appreciates the change of pace.
Things that are here:
4 large rocks; a cyclops corpse As you open the door, it creaks loudly!
A kobold demonologist comes into view. It is wielding a dagger.
The kobold demonologist shouts!
You hear a shout!
Casting: Sticks to Snakes (safe; 1% risk of failure)
Confirm with . or Enter, or press ? or * to list all spells.
Your hands turn into razor-sharp scythe blades.
Your +0 dagger melds into your body.
You slice the kobold demonologist!!
Your kick misses the kobold demonologist.
The kobold demonologist is severely wounded.
You hear a shout!
The kobold demonologist hits you but does no damage.
You slash the kobold demonologist!
You kill the kobold demonologist!
Cheibriados appreciates the change of pace.
A frost giant comes into view. It is wielding a battleaxe of freezing.
Things that are here:
a dagger; an embroidered robe; a kobold corpse
Casting: Blade Hands (quite dangerous; 26% risk of failure)
Confirm with . or Enter, or press ? or * to list all spells.
You create 3 snakes!
You now have 35 arrows.
Something hits your water moccasin but does no damage.
Something hits your water moccasin! Something freezes your water moccasin.
You swap places.
The frost giant hits you with a battleaxe of freezing!
The frost giant freezes you.
Things that are here:
a dagger; an embroidered robe; a kobold corpse You slash the frost giant!
You claw the frost giant, but do no damage.
You bite the frost giant, but do no damage.
The frost giant is lightly wounded.
Your water moccasin bites the frost giant.
The frost giant is poisoned.
Your water moccasin poisons the frost giant!
The frost giant hits you with a battleaxe of freezing!
The frost giant freezes you.
The frost giant hits your water moccasin with a battleaxe of freezing!!
The frost giant freezes your water moccasin.
Your water moccasin dies!
You hit the frost giant.
You claw the frost giant, but do no damage.
The frost giant is moderately wounded.
Your water moccasin bites the frost giant.
The frost giant barely misses you.
The frost giant hits your water moccasin with a battleaxe of freezing!!
Your water moccasin seems to slow down.
The frost giant freezes your water moccasin.
You slice the frost giant!! You claw the frost giant.
You bite the frost giant, but do no damage.
The frost giant is heavily wounded.
Your water moccasin bites the frost giant.
You hit the frost giant but do no damage.
You claw the frost giant!
The frost giant is heavily wounded.
The frost giant points at you and mumbles some strange words.
The bolt of cold hits you!
Ouch! That really hurt!
You die...

######.## #...#....
∆ #...#....
#...#.....
##...##....
#.....#..... ∆
##.....##....####
#.......###..CS.##
#...........####@..#
......#......'.S(..#
.............#.....#
+##.......##+##...##
##.....## #####
#.....# #..#..
#..... ..


You could see a frost giant, a friendly water moccasin and a friendly adder.

Vanquished Creatures
  Gastronok (D:8)
  A two-headed ogre (D:10)
  The ghost of asdu the Zephyrmancer, a novice DgVM (D:10)
  The ghost of Amnesiac the Prestidigitator, a novice SpAr of Gozag (D:9)
  A cyclops (D:11)
  A centaur zombie (D:11)
  A centaur skeleton (D:10)
  A kobold demonologist (D:11)
  Prince Ribbit (D:8)
  A wraith (D:9)
  Eustachio (D:6)
  A hungry ghost (D:8)
  Menkaure (D:6)
  2 orc warriors
  A hornet zombie (D:10)
  2 black bears
  A sky beast (D:6)
  4 ogres
  A centaur (D:8)
  2 bullfrogs
  A water moccasin skeleton (D:8)
  A scorpion (D:10)
  2 wights (D:10)
  3 howler monkeys
  3 crimson imps
  A hound (D:7)
  A bullfrog zombie (D:8)
  Crazy Yiuf (D:6)
  4 orc priests
  3 bullfrog skeletons
  3 orc wizards
  4 worker ants
  A hound skeleton (D:8)
  A worker ant zombie (D:6)
  3 gnolls (D:8)
  A howler monkey skeleton (D:5)
  4 adders
  3 shadow imps
  An ooze (D:2)
  2 adder skeletons
  A worm (D:5)
  A dart slug (D:2)
  2 leopard geckos
  14 orcs
  A ball python (D:5)
  A giant cockroach (D:1)
  6 goblins
  5 hobgoblins
  9 jackals
  2 quokkas
  2 bats (D:2)
  A frilled lizard (D:3)
  3 kobolds
  12 rats
129 creatures vanquished.

Vanquished Creatures (collateral kills)
  An orc (D:9)
1 creature vanquished.

Grand Total: 130 creatures vanquished

Notes
Turn   | Place    | Note
-------+----------+-------------------------------------------
     0 | D:1      | tidbits the Gnoll Transmuter began the quest for the Orb.
     0 | D:1      | Reached XP level 1. HP: 17/17 MP: 6/6
   153 | D:1      | Reached XP level 2. HP: 18/23 MP: 7/7
   157 | D:1      | Learned a level 2 spell: Sticks to Snakes
   222 | D:2      | Found a snail-covered altar of Cheibriados.
   224 | D:2      | Became a worshipper of Cheibriados the Contemplative
   291 | D:2      | Reached XP level 3. HP: 28/28 MP: 7/9
   296 | D:2      | Learned a level 3 spell: Spider Form
   335 | D:2      | Reached skill level 5 in Spellcasting
   407 | D:3      | Noticed a big kobold
   422 | D:3      | Reached * piety under Cheibriados
   440 | D:3      | Reached skill level 1 in Invocations
   516 | D:4      | Found a stormy altar of Qazlal.
   517 | D:4      | Found a basalt altar of Yredelemnul.
   518 | D:4      | Found a sparkling altar of Nemelex Xobeh.
   520 | D:4      | Found a hazy altar of Hepliaklqana.
   554 | D:4      | Reached skill level 1 in Short Blades
   554 | D:4      | Reached skill level 1 in Long Blades
   554 | D:4      | Reached skill level 1 in Axes
   554 | D:4      | Reached skill level 1 in Maces & Flails
   554 | D:4      | Reached skill level 1 in Polearms
   554 | D:4      | Reached skill level 1 in Staves
   554 | D:4      | Reached skill level 1 in Slings
   554 | D:4      | Reached skill level 1 in Bows
   554 | D:4      | Reached skill level 1 in Crossbows
   554 | D:4      | Reached skill level 1 in Throwing
   554 | D:4      | Reached skill level 1 in Armour
   554 | D:4      | Reached skill level 1 in Stealth
   554 | D:4      | Reached skill level 1 in Shields
   554 | D:4      | Reached skill level 1 in Evocations
   554 | D:4      | Reached XP level 4. HP: 15/34 MP: 8/11
   557 | D:4      | Gained mutation: You have sharp toenails. [potion of mutation]
   557 | D:4      | Gained mutation: Scrolls take you a little longer to read. [potion of mutation]
   557 | D:4      | Gained mutation: Your body sometimes deteriorates upon taking damage. [potion of mutation]
   557 | D:4      | Gained mutation: You possess an exceptional clarity of mind. [potion of mutation]
   593 | D:4      | Reached skill level 1 in Conjurations
   593 | D:4      | Reached skill level 1 in Hexes
   593 | D:4      | Reached skill level 1 in Charms
   593 | D:4      | Reached skill level 1 in Summonings
   593 | D:4      | Reached skill level 1 in Necromancy
   593 | D:4      | Reached skill level 1 in Translocations
   593 | D:4      | Reached skill level 1 in Fire Magic
   593 | D:4      | Reached skill level 1 in Ice Magic
   593 | D:4      | Reached skill level 1 in Air Magic
   593 | D:4      | Reached skill level 1 in Earth Magic
   593 | D:4      | Reached skill level 1 in Poison Magic
   593 | D:4      | Reached XP level 5. HP: 19/40 MP: 10/12
   630 | D:5      | Entered Level 5 of the Dungeon
   651 | D:5      | Noticed Amnesiac's ghost (novice SpAr)
   766 | D:4      | Reached skill level 3 in Fighting
   782 | D:4      | Found an iron altar of Okawaru.
   785 | D:4      | Found a blossoming altar of Fedhas.
   788 | D:4      | Found a shattered altar of Ashenzari.
   864 | D:5      | Found a glowing golden altar of the Shining One.
   893 | D:5      | Reached skill level 4 in Transmutations
   896 | D:5      | Reached ** piety under Cheibriados
   916 | D:5      | Reached XP level 6. HP: 47/47 MP: 13/13
   936 | D:6      | Noticed Menkaure
   943 | D:6      | Killed Menkaure
   943 | D:6      | Reached skill level 2 in Short Blades
   943 | D:6      | Reached skill level 2 in Long Blades
   943 | D:6      | Reached skill level 2 in Axes
   943 | D:6      | Reached skill level 2 in Maces & Flails
   943 | D:6      | Reached skill level 2 in Polearms
   943 | D:6      | Reached skill level 2 in Staves
   943 | D:6      | Reached skill level 2 in Slings
   943 | D:6      | Reached skill level 2 in Bows
   943 | D:6      | Reached skill level 2 in Crossbows
   943 | D:6      | Reached skill level 2 in Throwing
   943 | D:6      | Reached skill level 2 in Armour
   943 | D:6      | Reached skill level 5 in Dodging
   943 | D:6      | Reached skill level 2 in Stealth
   943 | D:6      | Reached skill level 2 in Shields
   943 | D:6      | Reached skill level 2 in Invocations
   943 | D:6      | Reached skill level 2 in Evocations
   990 | D:6      | Learned a level 4 spell: Ice Form
   996 | D:6      | Learned a level 5 spell: Blade Hands
  1008 | D:6      | Found a runed door.
  1013 | D:6      | Noticed Crazy Yiuf
  1016 | D:6      | Killed Crazy Yiuf
  1171 | D:6      | Found an ancient bone altar of Kikubaaqudgha.
  1343 | D:7      | Reached XP level 7. HP: 51/52 MP: 15/15
  1394 | D:7      | Reached skill level 7 in Unarmed Combat
  1421 | D:7      | Reached skill level 2 in Conjurations
  1421 | D:7      | Reached skill level 2 in Hexes
  1421 | D:7      | Reached skill level 2 in Charms
  1421 | D:7      | Reached skill level 2 in Summonings
  1421 | D:7      | Reached skill level 2 in Necromancy
  1421 | D:7      | Reached skill level 2 in Translocations
  1421 | D:7      | Reached skill level 2 in Fire Magic
  1421 | D:7      | Reached skill level 2 in Ice Magic
  1421 | D:7      | Reached skill level 2 in Air Magic
  1421 | D:7      | Reached skill level 2 in Earth Magic
  1421 | D:7      | Reached skill level 2 in Poison Magic
  1530 | D:7      | Got a sheer robe
  1541 | D:7      | Identified the +1 robe "Biureo" {rN++ Int-3} (You found it on level 7 of the Dungeon)
  1583 | D:6      | Noticed Eustachio
  1592 | D:6      | Reached *** piety under Cheibriados
  1602 | D:6      | Killed Eustachio
  1602 | D:6      | Reached skill level 3 in Invocations
  1656 | D:8      | Noticed Prince Ribbit
  1656 | D:8      | Reached XP level 8. HP: 60/60 MP: 16/16
  1664 | D:8      | Killed Prince Ribbit
  1664 | D:8      | Reached skill level 4 in Fighting
  1664 | D:8      | Reached skill level 3 in Short Blades
  1664 | D:8      | Reached skill level 3 in Long Blades
  1664 | D:8      | Reached skill level 3 in Axes
  1664 | D:8      | Reached skill level 3 in Maces & Flails
  1664 | D:8      | Reached skill level 3 in Polearms
  1664 | D:8      | Reached skill level 3 in Staves
  1664 | D:8      | Reached skill level 3 in Slings
  1664 | D:8      | Reached skill level 3 in Bows
  1664 | D:8      | Reached skill level 3 in Crossbows
  1664 | D:8      | Reached skill level 3 in Throwing
  1664 | D:8      | Reached skill level 3 in Armour
  1664 | D:8      | Reached skill level 3 in Stealth
  1664 | D:8      | Reached skill level 3 in Shields
  1664 | D:8      | Reached skill level 3 in Evocations
  1667 | D:8      | Noticed Gastronok
  1667 | D:8      | Reached skill level 6 in Spellcasting
  1740 | D:8      | Killed Gastronok
  1740 | D:8      | Reached skill level 5 in Fighting
  1740 | D:8      | Reached skill level 4 in Short Blades
  1740 | D:8      | Reached skill level 4 in Long Blades
  1740 | D:8      | Reached skill level 4 in Axes
  1740 | D:8      | Reached skill level 4 in Maces & Flails
  1740 | D:8      | Reached skill level 4 in Polearms
  1740 | D:8      | Reached skill level 4 in Staves
  1740 | D:8      | Reached skill level 4 in Slings
  1740 | D:8      | Reached skill level 4 in Bows
  1740 | D:8      | Reached skill level 4 in Crossbows
  1740 | D:8      | Reached skill level 4 in Throwing
  1740 | D:8      | Reached skill level 4 in Armour
  1740 | D:8      | Reached skill level 6 in Dodging
  1740 | D:8      | Reached skill level 4 in Stealth
  1740 | D:8      | Reached skill level 4 in Shields
  1740 | D:8      | Reached skill level 8 in Unarmed Combat
  1740 | D:8      | Reached skill level 3 in Conjurations
  1740 | D:8      | Reached skill level 3 in Hexes
  1740 | D:8      | Reached skill level 3 in Charms
  1740 | D:8      | Reached skill level 3 in Summonings
  1740 | D:8      | Reached skill level 3 in Necromancy
  1740 | D:8      | Reached skill level 3 in Translocations
  1740 | D:8      | Reached skill level 5 in Transmutations
  1740 | D:8      | Reached skill level 3 in Fire Magic
  1740 | D:8      | Reached skill level 3 in Ice Magic
  1740 | D:8      | Reached skill level 3 in Air Magic
  1740 | D:8      | Reached skill level 3 in Earth Magic
  1740 | D:8      | Reached skill level 3 in Poison Magic
  1740 | D:8      | Reached skill level 4 in Invocations
  1740 | D:8      | Reached skill level 4 in Evocations
  1740 | D:8      | Reached XP level 9. HP: 53/68 MP: 16/19
  1745 | D:8      | Reached skill level 5 in Invocations
  1806 | D:8      | Lost mutation: You have sharp toenails. [potion of mutation]
  1806 | D:8      | Lost mutation: Your body sometimes deteriorates upon taking damage. [potion of mutation]
  1806 | D:8      | Lost mutation: You possess an exceptional clarity of mind. [potion of mutation]
  1806 | D:8      | Gained mutation: You expend magic power (3 MP) to strengthen your wands. [potion of mutation]
  1806 | D:8      | Gained mutation: You are partially covered in thin metallic scales. (AC +2) [potion of mutation]
  1806 | D:8      | Gained mutation: You are weak. (Str -2) [potion of mutation]
  1806 | D:8      | Gained mutation: You have sharp toenails. [potion of mutation]
  1823 | D:8      | Reached XP level 10. HP: 74/74 MP: 20/20
  1833 | D:8      | Reached skill level 7 in Spellcasting
  1924 | D:8      | Reached **** piety under Cheibriados
  1924 | D:8      | Reached skill level 4 in Conjurations
  1924 | D:8      | Reached skill level 4 in Hexes
  1924 | D:8      | Reached skill level 4 in Charms
  1924 | D:8      | Reached skill level 4 in Summonings
  1924 | D:8      | Reached skill level 4 in Necromancy
  1924 | D:8      | Reached skill level 4 in Translocations
  1924 | D:8      | Reached skill level 4 in Fire Magic
  1924 | D:8      | Reached skill level 4 in Ice Magic
  1924 | D:8      | Reached skill level 4 in Air Magic
  1924 | D:8      | Reached skill level 4 in Earth Magic
  1924 | D:8      | Reached skill level 4 in Poison Magic
  2038 | D:9      | Noticed Amnesiac's ghost (novice SpAr)
  2051 | D:9      | Killed Amnesiac's ghost
  2051 | D:9      | Reached skill level 5 in Short Blades
  2051 | D:9      | Reached skill level 5 in Long Blades
  2051 | D:9      | Reached skill level 5 in Axes
  2051 | D:9      | Reached skill level 5 in Maces & Flails
  2051 | D:9      | Reached skill level 5 in Polearms
  2051 | D:9      | Reached skill level 5 in Staves
  2051 | D:9      | Reached skill level 5 in Slings
  2051 | D:9      | Reached skill level 5 in Bows
  2051 | D:9      | Reached skill level 5 in Crossbows
  2051 | D:9      | Reached skill level 5 in Throwing
  2051 | D:9      | Reached skill level 5 in Armour
  2051 | D:9      | Reached skill level 5 in Stealth
  2051 | D:9      | Reached skill level 5 in Shields
  2051 | D:9      | Reached skill level 5 in Evocations
  2124 | D:10     | Entered Level 10 of the Dungeon
  2131 | D:10     | Noticed a two-headed ogre
  2139 | D:10     | Killed a two-headed ogre
  2139 | D:10     | Reached skill level 7 in Dodging
  2174 | D:9      | Reached skill level 6 in Fighting
  2238 | D:9      | Noticed a dagger
  2238 | D:9      | Noticed a dagger
  2239 | D:9      | Found a hide-covered altar of Uskayaw.
  2352 | D:10     | Reached skill level 6 in Transmutations
  2352 | D:10     | Reached skill level 6 in Invocations
  2415 | D:10     | Noticed asdu's ghost (novice DgVM)
  2424 | D:10     | Killed asdu's ghost
  2550 | D:11     | Reached XP level 11. HP: 80/82 MP: 22/22
  2564 | D:11     | Noticed a cyclops
  2569 | D:11     | Killed a cyclops
  2578 | D:11     | Noticed a frost giant
  2585 | D:11     | Killed from afar by a frost giant

Vault maps used:
D:1:      dpeg_arrival_ratfight
D:2:      kennysheep_slug_shrine, chequers_ecumenical_altar_simple_redux,
          first_ration
D:3:      cheibrodos_thug_alley, uniq_robin, uniq_ijyb
D:4:      chequers_temple_overflow_statue_of_worship,
          grunt_temple_overflow_diamond, dk_noncrumbling_3
D:5:      makhleb_altar_promises_db, minmay_temple_entry_large_hall,
          basic_altar, uniq_edmund
D:6:      basic_altar, corexii_corridor_pit, hex_large, st_stairs_8,
          lemuel_tele_altar, uniq_crazy_yiuf_cottage, uniq_eustachio,
          uniq_menkaure
D:7:      uniq_pikel
D:8:      uniq_gastronok, uniq_prince_ribbit1
D:9:      dancing_weapons_uskayaw
D:11:     minmay_box_of_curves, lair_entry_dummy, minmay_orc_entry_temple_small

Skill      XL: |  1  2  3  4  5  6  7  8  9 10 |
---------------+-------------------------------+-----
Spellcasting   | 5 6 7 |  7.8
Invocations    | 1 2 3 4 5 6 |  6.4
Short Blades   | 1 2 4 5 |  5.9
Long Blades    | 1 2 4 5 |  5.9
Axes           | 1 2 4 5 |  5.9
Maces & Flails | 1 2 4 5 |  5.9
Polearms       | 1 2 4 5 |  5.9
Staves         | 1 2 4 5 |  5.9
Slings         | 1 2 4 5 |  5.9
Bows           | 1 2 4 5 |  5.9
Crossbows      | 1 2 4 5 |  5.9
Throwing       | 1 2 4 5 |  5.9
Armour         | 1 2 4 5 |  5.9
Stealth        | 1 2 4 5 |  5.9
Shields        | 1 2 4 5 |  5.9
Evocations     | 1 2 4 5 |  5.9
Conjurations   | 1 2 3 4 |  4.8
Hexes          | 1 2 3 4 |  4.8
Charms         | 1 2 3 4 |  4.8
Summonings     | 1 2 3 4 |  4.8
Necromancy     | 1 2 3 4 |  4.8
Translocations | 1 2 3 4 |  4.8
Fire Magic     | 1 2 3 4 |  4.8
Ice Magic      | 1 2 3 4 |  4.8
Air Magic      | 1 2 3 4 |  4.8
Earth Magic    | 1 2 3 4 |  4.8
Poison Magic   | 1 2 3 4 |  4.8
Fighting       | 3 5 6 |  6.5
Transmutations | 4 5 6 |  6.2
Dodging        | 5 6 7 |  7.5
Unarmed Combat | 7 8 |  8.9

Action                   |  1- 3 |  4- 6 |  7- 9 | 10-12 || total
-------------------------+-------+-------+-------+-------++-------
Melee: Unarmed           |    72 |    12 |    53 |    47 ||   184
       Kick              |     8 |    22 |    28 |    55 ||   113
       Headbutt          |     2 |    10 |     5 |    13 ||    30
       Punch             |     1 |     1 |     4 |     9 ||    15
       Hand axe          |       |    47 |    26 |    47 ||   120
       Bite              |       |     2 |    10 |    19 ||    31
       Dagger            |       |       |       |     1 ||     1
Throw: Stone             |       |     1 |       |       ||     1
 Cast: Beastly Appendage |    13 |     8 |     3 |     5 ||    29
       Spider Form       |     3 |     1 |       |       ||     4
       Sticks to Snakes  |       |     2 |     6 |     4 ||    12
       Blade Hands       |       |     1 |     5 |    10 ||    16
Invok: Bend Time         |       |       |     1 |       ||     1
Evoke: Wand              |       |       |     1 |     2 ||     3
  Use: Potion            |       |     3 |     1 |       ||     4
       Scroll            |       |     5 |     4 |     4 ||    13
 Stab: Sleeping          |     1 |     1 |       |     2 ||     4
       Distracted        |       |     1 |     2 |     1 ||     4
  Eat: Ration            |     1 |     2 |       |       ||     3
       Chunk             |       |       |       |     1 ||     1
Armor: Robe              |     7 |       |       |       ||     7
       Ring mail         |       |    14 |    20 |    27 ||    61
Dodge: Dodged            |    50 |    49 |    82 |    81 ||   262

Table legend:
 A = Spawn XP
 B = Non-spawn XP
 C = Spawn XP percentage of total XP
 D = Spawn monster count
 E = Non-spawn monster count
 F = Spawn count percentage of total count
 G = Total turns spent on level
                    A         B        C        D         E        F      G
               +---------+---------+-------+---------+---------+-------+---------
         Total |       0 |   10445 |   0.0 |       0 |     130 |   0.0 |  2585
               +---------+---------+-------+---------+---------+-------+---------
           D:1 |       0 |      11 |   0.0 |       0 |       8 |   0.0 |   180
           D:2 |       0 |      29 |   0.0 |       0 |      14 |   0.0 |   176
           D:3 |       0 |      19 |   0.0 |       0 |      11 |   0.0 |   171
           D:4 |       0 |     180 |   0.0 |       0 |      14 |   0.0 |   295
           D:5 |       0 |      94 |   0.0 |       0 |       9 |   0.0 |   122
           D:6 |       0 |     549 |   0.0 |       0 |       8 |   0.0 |   314
           D:7 |       0 |     427 |   0.0 |       0 |      14 |   0.0 |   448
           D:8 |       0 |    3643 |   0.0 |       0 |      23 |   0.0 |   205
           D:9 |       0 |    1647 |   0.0 |       0 |      14 |   0.0 |   377
          D:10 |       0 |    2504 |   0.0 |       0 |      12 |   0.0 |   197
          D:11 |       0 |    1342 |   0.0 |       0 |       3 |   0.0 |   100
               +---------+---------+-------+---------+---------+-------+---------

Table legend:
 A = Turns spent in this place as a percentage of turns spent in the entire game.
 B = Non-inter-level travel turns spent in this place as a percentage of non-inter-level travel turns spent in the entire game.
 C = Inter-level travel turns spent in this place as a percentage of turns spent in this place.
 D = Turns resting spent in this place as a percentage of non-inter-level travel turns spent in this place.
 E = Turns spent auto-exploring this place as a percentage of non-inter-level travel turns spent in this place.
 F = Non-inter-level travel turns spent in this place divided by the number of levels of this place that you've seen.
                   A       B       C       D       E      F
               +-------+-------+-------+-------+-------+----------------------
         Total | 100.0 | 100.0 |   0.0 |   0.0 |   0.0 | 235.0
       Dungeon | 100.0 | 100.0 |   0.0 |   0.0 |   0.0 | 235.0
               +-------+-------+-------+-------+-------+----------------------

Table legend:
 A = Kills in this place as a percentage of kills in entire the game.
 B = Kills by you in this place as a percentage of kills by you in the entire game.
 C = Kills by friends in this place as a percentage of kills by friends in the entire game.
 D = Other kills in this place as a percentage of other kills in the entire game.
 E = Experience gained in this place as a percentage of experience gained in the entire game.
 F = Experience gained in this place divided by the number of levels of this place that you have seen.
                   A       B       C       D       E      F
               +-------+-------+-------+-------+-------+----------------------
         Total | 100.0 | 100.0 | 100.0 |   N/A | 100.0 | 949.5
       Dungeon | 100.0 | 100.0 | 100.0 |   N/A | 100.0 | 949.5
               +-------+-------+-------+-------+-------+----------------------

Vault maps used:
D:1:      dpeg_arrival_ratfight
D:2:      kennysheep_slug_shrine, chequers_ecumenical_altar_simple_redux,
          first_ration
D:3:      cheibrodos_thug_alley, uniq_robin, uniq_ijyb
D:4:      chequers_temple_overflow_statue_of_worship,
          grunt_temple_overflow_diamond, dk_noncrumbling_3
D:5:      makhleb_altar_promises_db, minmay_temple_entry_large_hall,
          basic_altar, uniq_edmund
D:6:      basic_altar, corexii_corridor_pit, hex_large, st_stairs_8,
          lemuel_tele_altar, uniq_crazy_yiuf_cottage, uniq_eustachio,
          uniq_menkaure
D:7:      uniq_pikel
D:8:      uniq_gastronok, uniq_prince_ribbit1
D:9:      dancing_weapons_uskayaw
D:11:     minmay_box_of_curves, lair_entry_dummy, minmay_orc_entry_temple_small
